 Dungeon Crawl Stone Soup version 0.25.1-2-g60ff931df9 (webtiles) character file.

Game seed: 14486542393118992877

382 gbos the Chopper (level 6, -1/32 HPs)
             Began as a Vine Stalker Berserker on Nov 16, 2020.
             Was a Priest of Trog.
             Slain by a gnoll
             ... wielding a +1 spear of venom
              (6 damage)
             ... on level 3 of the Dungeon.
             The game lasted 00:00:32 (2848 turns).

gbos the Chopper (Vine Stalker Berserker)           Turns: 2848, Time: 00:00:33

Health: -1/32      AC:  5    Str: 22    XL:     6   Next: 76%
Magic:  0/7        EV: 11    Int:  7    God:    Trog [***...]
Gold:   128        SH:  0    Dex: 13    Spells: 5/5 levels left

rFire    . . .     SeeInvis .   Y - +0 hand axe
rCold    . . .     Gourm    .   (no shield)
rNeg     . . .     Faith    .   c - +0 ring mail
rPois    .         Spirit   +   (no helmet)
rElec    .         Reflect  .   (no cloak)
rCorr    .         Harm     .   (no gloves)
MR       .....                  (no boots)
Stlth    +.........             (no amulet)
HPRegen  0.50/turn              (no ring)
MPRegen  0.10/turn              (no ring)

@: berserk cooldown, slowed, very slow
A: fangs 2, regeneration 1, magic shield, antimagic bite, no potion heal 3, rot
immunity
a: Berserk, Trog's Hand, Renounce Religion


You were on level 3 of the Dungeon.
You worshipped Trog.
Trog was most pleased with you.
You were hungry.

You visited 1 branch of the dungeon, and saw 3 of its levels.

You collected 128 gold pieces.


Innate Abilities, Weirdness & Mutations

You have extremely sharp teeth.
Your natural rate of healing is unusually fast.
When hurt, damage is shared between your health and your magic reserves.
Your bite disrupts and absorbs the magic of your enemies.
Potions cannot restore your health.
You are immune to rotting.


   Skills:
 - Level 3.0 Fighting
 + Level 6.6 Axes
 - Level 1.5 Armour
 - Level 1.5 Dodging


You had 5 spell levels left.
You didn't know any spells.
Your spell library was empty.

Inventory:

Hand Weapons
 l - a +0 flail
 Y - a +0 hand axe (weapon)
Armour
 c - a +0 ring mail (worn)
 m - a +0 chain mail
Scrolls
 a - 2 scrolls of identify
 g - 3 scrolls of remove curse
 n - 2 scrolls of fog {unknown}
 p - a scroll of blinking {unknown}
Potions
 d - a potion of flight {unknown}
 f - 2 potions of might
 i - a potion of curing {unknown}
 j - a potion of berserk rage {unknown}
 k - a potion of heal wounds {unknown}
 o - a potion of ambrosia {unknown}
Comestibles
 b - 8 chunks of flesh
 e - 4 rations

Dungeon Overview and Level Annotations

Branches:
Dungeon (3/15)

Altars:
Gozag

Annotations:
D:3 Terence


Message History

The gnoll shouts!
A gnoll sergeant comes into view. It is wielding a +2 spear of venom.
The gnoll sergeant shouts!
The gnoll shouts!
You hear a shout! x2
A gnoll comes into view. It is wielding a +0 club.
The gnoll hits you but does no damage. x2
A gnoll comes into view. It is wielding a -2 spear.
You hear a shout!
A gnoll comes into view. It is wielding a +0 spear.
The gnoll barely misses you. The gnoll closely misses you.
The gnoll hits you from afar with a +1 spear of venom.
The gnoll barely misses you. The gnoll closely misses you.
You hit the gnoll sergeant but do no damage.
You hit the gnoll but do no damage. x2
The gnoll barely misses you.
The gnoll hits you from afar with a +0 spear.
The gnoll sergeant misses you. The gnoll hits you but does no damage.
The gnoll hits you with a +0 whip!
The gnoll hits you from afar with a +0 spear.
The gnoll hits you from afar with a +1 spear of venom.
You die...

#...P~~#...#############''''#####
#....~~###+# #.^ #....#....
#....~~~.# #.. #....#).)g
#....~~~.# #.. +....')).)
#....~~~.#.# #'################
#.P..~~~.#... #.......#.
#....~~~.#.... #g........
#....~~~.# ##gg#g.g......
#....~~~.# #..gg@......#
#....~~~.# #..gg########
#....~~###+#..g.
#....~~#...######################
#....~~#gg.#......%..............
#....~~#####~~~~~~~%%~~~~~~~~~~~~
#....~~~~~~~~~~~~~~~~~~~~~~~~~~~~
#....~~~~~~~~~~~~~~~~~~~~~~~~~~~~
#..............P................P


You could see a gnoll sergeant and 9 gnolls.

Vanquished Creatures
  An orc priest (D:3)
  A gnoll shaman (D:3)
  An orc wizard (D:3)
  Jessica (D:2)
  14 gnolls
  2 adders (D:2)
  3 worms
  4 dart slugs
  2 leopard geckos (D:1)
  3 orcs (D:3)
  8 bats
  4 giant cockroaches
  7 goblins
  5 hobgoblins
  23 jackals
  7 kobolds
  A quokka (D:2)
  A ball python (D:2)
  3 frilled lizards
  6 rats
97 creatures vanquished.

Notes
Turn   | Place    | Note
-------+----------+-------------------------------------------
     0 | D:1      | gbos the Vine Stalker Berserker began the quest for the
                  | Orb.
     0 | D:1      | Reached XP level 1. HP: 11/11 MP: 2/2
     0 | D:1      | 0 ||| counter = 142
    92 | D:1      | 92 ||| INVOKING Berserk.
    93 | D:1      | HP: 3/16 [kobold/+0 short sword (5)]
    94 | D:1      | Reached skill level 3 in Axes
   124 | D:1      | Reached XP level 2. HP: 5/16 MP: 3/3
   145 | D:1      | 145 ||| INVOKING Berserk.
   830 | D:1      | Reached XP level 3. HP: 19/19 MP: 4/4
  1060 | D:1      | Reached skill level 4 in Axes
  1474 | D:1      | 1474 ||| UPGRADING to ring mail.
  1484 | D:1      | 1484 ||| DROPPING +0 animal skin.
  1485 | D:1      | 1485 ||| READING 3 scrolls labeled KEDDENK OFAOMA.
  1486 | D:1      | 1486 ||| READING scroll labeled NIEFFU PEURI.
  1490 | D:1      | 1490 ||| READING scroll labeled ISORPH IGOIMAGH.
  1491 | D:1      | 1491 ||| READING scroll labeled ROYNOC PUUNOG.
  1492 | D:1      | 1492 ||| READING 2 scrolls of identify.
  1492 | D:1      | 1492 ||| IDENTIFYING black potion
  1501 | D:2      | Found an opulent altar of Gozag.
  1506 | D:2      | 1506 ||| INVOKING Berserk.
  1514 | D:2      | 1514 ||| EATING 2 rations.
  1605 | D:2      | 1605 ||| INVOKING Berserk.
  1608 | D:2      | Gained mutation: Your natural rate of healing is unusually
                  | fast. [Vine Stalker growth]
  1608 | D:2      | Reached XP level 4. HP: 23/23 MP: 3/5
  1698 | D:2      | Reached ** piety under Trog
  1787 | D:2      | Noticed Jessica
  1806 | D:2      | Killed Jessica
  1809 | D:2      | Reached skill level 5 in Axes
  1899 | D:2      | Reached XP level 5. HP: 27/27 MP: 6/6
  2170 | D:2      | 2170 ||| READING 3 scrolls labeled GIEFEN IRIY.
  2171 | D:2      | 2171 ||| READING scroll labeled XOVAOWNIXOSCH.
  2172 | D:2      | 2172 ||| READING scroll labeled NIR HOUCSA.
  2203 | D:3      | 2203 ||| INVOKING Berserk.
  2251 | D:3      | 2251 ||| DROPPING +0 club.
  2391 | D:3      | 2391 ||| INVOKING Berserk.
  2476 | D:3      | Noticed Terence
  2499 | D:3      | Reached XP level 6. HP: 30/32 MP: 7/7
  2622 | D:3      | Reached skill level 6 in Axes
  2672 | D:3      | Reached *** piety under Trog
  2752 | D:3      | Reached skill level 3 in Fighting
  2783 | D:3      | 2783 ||| INVOKING Berserk.
  2829 | D:3      | 2829 ||| INVOKING Berserk.
  2843 | D:3      | 2843 ||| READING scroll of teleportation.
  2848 | D:3      | HP: 7/32 [gnoll/+0 whip (7)]
  2848 | D:3      | Slain by a gnoll

Levels and vault maps discovered:
D:1:      wander_arrival_abandoned_jail, layout_loops_corners,
          minmay_misc_feat_more_columns, minivault_5
D:2:      layout_basic, overflow_temple_1_default, minmay_crystal_water,
          minmay_pentomino_s2, uniq_jessica
D:3:      lemuel_castle_with_subvaults [lemuel_castle_interior_carwin_3],
          layout_rooms, nicolae_overflow_hidden_temple, uniq_terence

Skill      XL: |  1  2  3  4  5  6 |
---------------+-------------------+-----
Axes           | 3 4 5 6 |  6.6
Fighting       | 3 |  3.0
Armour         | |  1.5
Dodging        | |  1.5

Action                   |  1- 3 |  4- 6 || total
-------------------------+-------+-------++-------
Melee: Hand axe          |    75 |   175 ||   250
       Bite              |    18 |    40 ||    58
Invok: Berserk           |     4 |     4 ||     8
  Use: Scroll            |     5 |     4 ||     9
  Eat: Chunk             |     3 |     7 ||    10
       Ration            |     1 |       ||     1
Armor: Animal skin       |    11 |       ||    11
       Ring mail         |     1 |    49 ||    50
Dodge: Dodged            |    50 |   109 ||   159
